 Dungeon Crawl Stone Soup version 0.17-a0-2024-gc284f19 (webtiles) character file.

21794 Ordine the Fighter (level 12, -5/105 HPs)
             Began as an Octopode Fighter on Oct 10, 2015.
             Was an Elder of Dithmenos.
             Slain by a lindwurm (13 damage)
             ... on level 2 of the Lair of Beasts.
             The game lasted 01:22:01 (20982 turns).

Ordine the Fighter (Octopode Fighter)              Turns: 20982, Time: 01:22:01

Health: -5/105     AC:  1    Str: 18    XL:     12   Next: 93%
Magic:  12/12      EV: 20    Int: 10    God:    Dithmenos [****..]
Gold:   222        SH: 11    Dex: 21    Spells: 2 memorised, 3 levels left

rFire  . . .     SeeInvis +     G - +2 scimitar (freeze)
rCold  + . .     Rnd*Rage +     b - +1 shield
rNeg   + . .     SustAt   .     A - +0 hat
rPois  .         Gourm    .     h - amulet of warding
rElec  .         Spirit   .     e - ring of see invisible
rCorr  .         Warding  +     L - ring of flight
rMut   .         Stasis   .     s - ring of protection from magic
MR     ++...                    (no ring)
Stlth  ++++++....               (no ring)
                                (no ring)
                                (no ring)
                                (no ring)

@: agile, about to teleport, flying (expiring), very slightly contaminated,
wreathed by umbra, very resistant to hostile enchantments, very stealthy
A: almost no armour, amphibious, 8 rings, constrict 8, camouflage 1, berserk 1,
breathe flames 1, cold resistance 1, magic resistance 1, sense surroundings 1,
robust 1, strong 1, gelatinous body 1
a: Shadow Step, Renounce Religion, Breathe Fire, Stop Flying


You were on level 2 of the Lair of Beasts.
You worshipped Dithmenos.
Dithmenos was greatly pleased with you.
You were hungry.

You visited 3 branches of the dungeon, and saw 13 of its levels.

You collected 710 gold pieces.
You spent 488 gold pieces at shops.

Inventory:

Hand Weapons
 G - a +2 scimitar of freezing (weapon)
Missiles
 j - 275 stones
 k - a throwing net
 m - 55 poisoned needles
 r - 10 tomahawks
 B - 6 javelins (quivered)
Armour
 b - a +1 shield (worn)
 A - a +0 hat (worn)
Magical Staves
 g - an uncursed staff of cold
Jewellery
 a - an uncursed amulet of resist corrosion
 e - a ring of see invisible (left tentacle)
 h - an amulet of warding (around mantle)
 s - a ring of protection from magic (on tentacle)
 L - a ring of flight (right tentacle)
Wands
 q - a wand of lightning (0)
Scrolls
 n - 10 scrolls of teleportation
 t - 5 scrolls of remove curse
 w - 3 scrolls of enchant weapon
 x - a scroll of recharging
 y - 8 scrolls of enchant armour
 C - 2 scrolls of magic mapping
 D - a scroll of amnesia
 H - 5 scrolls of fog
Potions
 c - 3 potions of resistance
 l - 2 potions of haste
 p - 4 potions of flight
 v - 3 potions of agility
Books
 K - a book of Transfigurations

   Spells                             Type                      Level
   a - Stoneskin                      Transmutation/Earth          2
   b - Irradiate                      Conjuration/Transmutation    5
   c - Statue Form                    Transmutation/Earth          6
   d - Hydra Form                     Transmutation                6
   e - Dragon Form                    Transmutation                7
Comestibles
 d - 10 bread rations
 f - 4 meat rations
 i - 2 slices of pizza
 o - 2 beef jerkies


   Skills:
 - Level 14.0 Fighting
 - Level 14.0 Long Blades
 + Level 5.9 Dodging
 + Level 5.2 Shields


You had 3 spell levels left.
You knew the following spells:

 Your Spells              Type           Power        Failure   Level  Hunger
a - Stoneskin             Trmt/Erth      #.......     99%         2    ###....
b - Statue Form           Trmt/Erth      #........    100%        6    #######


Dungeon Overview and Level Annotations

Branches:
Dungeon (10/15)            Temple (1/1) D:5            Lair (2/8) D:10
    Orc: D:9-12

Altars:
Ashenzari
Cheibriados
Dithmenos
Elyvilon
Fedhas
Gozag
Kikubaaqudgha
Makhleb
Nemelex Xobeh
Okawaru
Qazlal
Ru
Sif Muna
Trog
Vehumet
Xom
Yredelemnul
Zin
The Shining One

Shops:
D:5 (   D:10 *(!*


Innate Abilities, Weirdness & Mutations

You cannot wear most types of armour.
You are amphibious.
You can wear up to eight rings at the same time.
You can use your tentacles to constrict eight enemies at once.
Your skin changes colour to match your surroundings (Stealth).
Your rubbery body absorbs attacks (AC +1).
You tend to lose your temper in combat.
You can breathe flames.
Your flesh is cold resistant.
You are resistant to hostile enchantments.
You passively map a small area around you.
You are robust (+10% HP).
Your muscles are strong. (Str +2)


Message History

You are starting to lose your buoyancy.
Drink which item? (? for menu, Esc to quit)
Okay, then.
Unknown command.
Unknown command.
Read which item? (? for menu, Esc to quit)
As you read the scroll of fear, it crumbles to dust.
You assume a fearsome visage.
The lindwurm looks frightened!
The lindwurm looks frightened!
The lindwurm resists with some effort.
The lindwurm breathes flames at you. The blast of flame misses you.
Read which item? (? for menu, Esc to quit)
As you read the scroll of teleportation, it crumbles to dust.
You feel strangely unstable. You block the lindwurm's attack.
You block the lindwurm's attack. The lindwurm claws you!
* * * LOW HITPOINT WARNING * * *
Drink which item? (? for menu, Esc to quit)
You feel agile all of a sudden. The lindwurm bites you!
You die...

##..§≈≈≈≈≈≈..§.≈≈≈≈§§§....
#...≈§≈≈≈.§§## ..≈≈≈§≈...P
#...≈≈§≈≈..####..§≈≈≈≈...#
##..≈≈§§..#.$kk#..≈§≈≈..##
##.≈≈§§≈.##$?($##.≈§§§≈.#
##..≈≈§§§§##!>)[##.§§≈§≈.#
#...§§§§≈§.#.?%.#..≈≈≈≈..##
##./.≈§§§§(k####..≈≈≈≈≈...#
#...≈≈§§≈@..##§§.≈≈≈≈≈...#
#....≈§≈§§≈...§§≈≈≈≈≈.....
#....§≈§≈≈≈≈≈≈≈≈≈≈≈§≈.....
##.....≈≈≈≈≈≈§≈≈§≈≈≈≈......
#.......≈≈≈≈§§≈≈≈≈§≈....#..
##.##.....≈§§≈≈≈≈§.§......#
#.P##.....§§§§.......<.#..
#.###.#..................#
##...#.#........#..........


You could see 3 lindwurms.

Vanquished Creatures
  The ghost of krfreak the Grappler, a novice TrMo (Lair:1)
  5 death yaks
  A lindwurm (Lair:2)
  Pikel (D:6)
  A hill giant (D:10)
  The ghost of SirDieALot the Basher, a novice HOFi (D:5)
  4 spiny frogs
  3 black mambas (Lair:1)
  An orange crystal statue (Lair:1)
  A gargoyle (D:10)
  3 komodo dragons
  3 blink frogs (Lair:2)
  23 yaks
  A basilisk (Lair:2)
  Eustachio (D:5)
  A wyvern (D:10)
  2 hungry ghosts (D:10)
  4 hippogriffs
  4 porcupines (Lair:2)
  2 ice beasts
  A black bear (D:9)
  10 water moccasins
  5 ogres
  A necrophage (D:5)
  2 phantoms
  3 orc warriors
  3 sky beasts
  7 crocodiles
  13 giant frogs
  A big kobold (D:10)
  Blork the orc (D:3)
  4 scorpions
  A water moccasin skeleton (D:8)
  4 wights (D:10)
  18 killer bees
  The ghost of alpinistek the Magician, a weakling DsIE (D:3)
  An electric eel (Lair:1)
  A giant frog zombie (D:9)
  6 crimson imps
  4 orc priests
  6 hounds
  A quasit (D:10)
  10 orc wizards
  Crazy Yiuf (D:6)
  A jelly (D:10)
  7 worker ants
  5 iguanas
  15 sheep (Lair:1)
  2 hound zombies
  2 hound skeletons (D:4)
  20 river rats
  9 adders
  8 gnolls
  3 shadow imps
  2 oozes
  3 adder zombies
  6 worms
  5 adder skeletons
  8 giant geckos
  41 orcs
  4 giant cockroaches
  7 hobgoblins
  14 jackals
  4 quokkas
  3 ball pythons
  10 bats
  A giant gecko zombie (D:4)
  4 giant newts
  8 goblins
  16 kobolds
  A quokka skeleton (D:4)
  7 rats
  A plant (Lair:1)
385 creatures vanquished.

Vanquished Creatures (others)
  An ogre (D:6)
  A crimson imp (D:6)
  An iguana (D:5)
  A giant newt (D:6)
  2 fungi
6 creatures vanquished.

Grand Total: 391 creatures vanquished

Notes
Turn   | Place    | Note
--------------------------------------------------------------
     0 | D:1      | Ordine the Octopode Fighter began the quest for the Orb.
     0 | D:1      | Reached XP level 1. HP: 16/16 MP: 1/1
   148 | D:1      | Reached XP level 2. HP: 15/21 MP: 2/2
   626 | D:2      | Reached XP level 3. HP: 21/26 MP: 3/3
   668 | D:2      | Found an iron altar of Okawaru.
   806 | D:2      | Found an opulent altar of Gozag.
  1115 | D:2      | Reached XP level 4. HP: 23/33 MP: 4/4
  1465 | D:2      | Reached skill level 4 in Fighting
  1872 | D:3      | Noticed alpinistek's ghost (weakling DsIE)
  1878 | D:3      | Killed alpinistek's ghost
  1878 | D:3      | Reached XP level 5. HP: 27/38 MP: 5/5
  2398 | D:3      | Reached skill level 5 in Fighting
  2398 | D:3      | Reached XP level 6. HP: 17/45 MP: 6/6
  3147 | D:4      | Noticed Blork the orc
  3155 | D:3      | Reached skill level 5 in Long Blades
  3234 | D:3      | Killed Blork the orc
  3366 | D:4      | Reached XP level 7. HP: 48/51 MP: 7/7
  3374 | D:4      | Found a glowing silver altar of Zin.
  3829 | D:4      | Reached skill level 6 in Fighting
  4394 | D:5      | Entered Level 5 of the Dungeon
  4520 | D:5      | Gained mutation: You are robust (+10% HP). [mutagenic meat]
  4521 | D:5      | Gained mutation: You can breathe flames. [mutagenic meat]
  4522 | D:5      | Gained mutation: Your spells are a little harder to cast, but a little more powerful. [mutagenic meat]
  4523 | D:5      | Gained mutation: Your flesh is cold resistant. [mutagenic meat]
  4563 | D:5      | Noticed SirDieALot's ghost (novice HOFi)
  4595 | D:5      | Killed SirDieALot's ghost
  4595 | D:5      | Reached skill level 7 in Fighting
  4595 | D:5      | Reached XP level 8. HP: 13/66 MP: 8/8
  4862 | D:5      | Found a snail-covered altar of Cheibriados.
  4884 | D:5      | Found a radiant altar of Vehumet.
  5214 | D:5      | Identified a +0 rod of destruction (10/10) (You found it on level 5 of the Dungeon)
  5241 | D:5      | Noticed Eustachio
  5250 | D:5      | Killed Eustachio
  5250 | D:5      | Reached skill level 8 in Fighting
  5383 | D:5      | Found a stormy altar of Qazlal.
  5472 | D:5      | Found Titruo's Antique Weapon Shoppe.
  5655 | D:5      | Found a staircase to the Ecumenical Temple.
  5665 | Temple   | Entered the Ecumenical Temple
  5980 | D:6      | Noticed Pikel
  6020 | D:6      | Killed Pikel
  6020 | D:6      | Reached skill level 9 in Fighting
  6020 | D:6      | Reached XP level 9. HP: 53/74 MP: 9/9
  6120 | D:6      | Found a shadowy altar of Dithmenos.
  6128 | D:6      | Became a worshipper of Dithmenos the Shadowed
  6268 | D:6      | Found a white marble altar of Elyvilon.
  6442 | D:6      | Found Tein's Magic Scroll Emporium.
  6450 | D:6      | Bought a scroll of remove curse for 39 gold pieces
  6450 | D:6      | Bought a scroll of identify for 26 gold pieces
  6450 | D:6      | Bought a scroll of magic mapping for 45 gold pieces
  6450 | D:6      | Bought a scroll of enchant armour for 97 gold pieces
  6450 | D:6      | Bought a scroll of amnesia for 45 gold pieces
  6465 | D:6      | Noticed Crazy Yiuf
  6472 | D:6      | Killed Crazy Yiuf
  6541 | D:6      | Found a white marble altar of Elyvilon.
  6554 | D:6      | Found a radiant altar of Vehumet.
  8256 | D:7      | Found a glowing golden altar of the Shining One.
  8333 | D:7      | Reached skill level 10 in Fighting
  8559 | D:8      | Gained mutation: One of your tentacles bears a spike. [mutagenic meat]
  8560 | D:8      | Gained mutation: Scrolls take you a little longer to read. [mutagenic meat]
  8561 | D:8      | Lost mutation: Your spells are a little harder to cast, but a little more powerful. [mutagenic meat]
  8562 | D:8      | Gained mutation: You are resistant to hostile enchantments. [mutagenic meat]
  8628 | D:8      | Reached XP level 10. HP: 83/83 MP: 10/10
  8686 | D:8      | Found an ancient bone altar of Kikubaaqudgha.
  8696 | D:8      | Reached skill level 10 in Long Blades
  8824 | D:8      | HP: 2/84 [orc warrior/flail of protection (14)]
  8853 | D:8      | Lost mutation: One of your tentacles bears a spike. [mutagenic meat]
  8854 | D:8      | Gained mutation: You tend to lose your temper in combat. [mutagenic meat]
  8855 | D:8      | Gained mutation: Scrolls take you longer to read. [mutagenic meat]
  8856 | D:8      | Lost mutation: Scrolls take you longer to read. [mutagenic meat]
  8857 | D:8      | Lost mutation: Scrolls take you a little longer to read. [mutagenic meat]
  8858 | D:8      | Gained mutation: Your muscles are strong. (Str +2) [mutagenic meat]
 10021 | D:8      | Acquired Dithmenos's first power
 10376 | D:9      | Reached skill level 11 in Fighting
 10917 | D:6      | Bought 3 scrolls of identify for 78 gold pieces
 10917 | D:6      | Bought a scroll of fog for 26 gold pieces
 10917 | D:6      | Bought a scroll of fear for 45 gold pieces
 10917 | D:6      | Bought a scroll of remove curse for 39 gold pieces
 11269 | D:9      | Found a bloodstained altar of Trog.
 11395 | D:10     | Entered Level 10 of the Dungeon
 11690 | D:10     | Found Ziokic's Distillery.
 11698 | D:10     | Found Mioromaf's Assorted Antiques.
 11895 | D:10     | Found Nugiz's Weapon Shop.
 11919 | D:10     | Bought a throwing net for 48 gold pieces
 11924 | D:10     | Found a staircase to the Lair.
 12385 | D:10     | Reached XP level 11. HP: 81/93 MP: 11/11
 12550 | D:10     | Acquired Dithmenos's second power
 12662 | D:10     | Noticed a hill giant
 13056 | D:10     | Killed a hill giant
 13056 | D:10     | Reached skill level 12 in Fighting
 13126 | D:10     | Noticed a four-headed hydra
 13752 | D:10     | Found Ferimp's General Store.
 13791 | Lair:1   | Entered Level 1 of the Lair of Beasts
 13815 | Lair:1   | Noticed krfreak's ghost (novice TrMo)
 13832 | Lair:1   | Killed krfreak's ghost
 15519 | Lair:1   | Acquired Dithmenos's third power
 16112 | Lair:1   | Reached skill level 13 in Fighting
 16486 | Lair:1   | Got a warped hand axe
 16487 | Lair:1   | Identified the +6 hand axe of the Dragonfly {flame, *Drain *Confuse rC+ Str+10} (You found it on level 1 of the Lair of Beasts)
 16497 | Lair:1   | Learned a level 2 spell: Stoneskin
 16504 | Lair:1   | Learned a level 6 spell: Statue Form
 17388 | Lair:1   | Reached XP level 12. HP: 33/103 MP: 12/12
 18765 | Lair:2   | Reached skill level 14 in Fighting
 18784 | Lair:2   | Noticed a death yak
 18788 | Lair:2   | Noticed a death yak
 18859 | Lair:1   | HP: 5/105 [death yak (27)]
 18861 | Lair:1   | Killed a death yak
 18881 | Lair:1   | HP: 4/105 [water moccasin (5)]
 19369 | Lair:2   | Killed a death yak
 19444 | Lair:2   | Noticed a death yak
 19447 | Lair:2   | Noticed a death yak
 19973 | Lair:2   | Noticed a death yak
 20017 | Lair:1   | Killed a death yak
 20316 | Lair:1   | Killed a death yak
 20316 | Lair:1   | Reached skill level 5 in Dodging
 20506 | Lair:2   | Killed a death yak
 20891 | Lair:2   | Noticed a lindwurm
 20916 | Lair:2   | Reached skill level 5 in Shields
 20955 | Lair:2   | Noticed a lindwurm
 20956 | Lair:2   | Gained mutation: You passively map a small area around you. [potion of beneficial mutation]
 20961 | Lair:2   | Noticed a lindwurm
 20964 | Lair:2   | Noticed a lindwurm
 20973 | Lair:2   | Killed a lindwurm
 20982 | Lair:2   | Slain by a lindwurm

Vault maps used:
D:1:      scummos_arrival_checkerplants, minmay_box_of_dots
D:2:      nicolae_gozag_cash_rules_everything_around_me, okawaru_trees_2,
          st_stairs_14
D:3:      first_bread
D:4:      kennysheep_mini_moat, uniq_blork_the_orc
D:5:      nicolae_qazlal_general_emergency, overflow_temple_1_default,
          lemuel_temple_firewalk_marked, serial_shops,
          nicolae_shop_overgrown_old_shop, vehumet_altar_wand_db, uniq_eustachio
D:6:      lemuel_crystal_altar, elyvilon_altar_5,
          nicolae_dithmenos_shadow_blocks, basic_altar, serial_shops, shop,
          uniq_crazy_yiuf_cottage, uniq_pikel
D:7:      tso_oasis_becter, grunt_ogre_cave, minmay_misc_feat_rugged
D:8:      nicolae_overflow_hidden_temple
D:9:      kennysheep_mini
D:10:     dpeg_lair_monsters, serial_shops,
          nicolae_shop_temple_entry_statues_fountains, nicolae_shop_crystal,
          shop, nicolae_shop_statue_plus
Temple:   circular_temple_pool_8
Lair:1:   statuecave_lemuel, beast_lair_carwin_4, bh_autumn_forest_stairs
Lair:2:   minmay_lindwurm_lava

Action                   |  1- 3 |  4- 6 |  7- 9 | 10-12 || total
-------------------------+-------+-------+-------+-------++-------
Melee: Long sword        |    69 |   105 |   248 |   399 ||   821
       Scimitar          |       |       |       |   246 ||   246
Throw: Stone             |     2 |    19 |    26 |     4 ||    51
       Tomahawk          |       |       |     8 |     6 ||    14
       Javelin           |       |       |    33 |   102 ||   135
       Throwing net      |       |       |       |     2 ||     2
 Abil: Evoke Flight      |       |       |       |     1 ||     1
Evoke: Wand              |       |       |       |     8 ||     8
  Use: Scroll            |     5 |     1 |     5 |    11 ||    22
       Potion            |     1 |     1 |     1 |    12 ||    15
 Stab: Sleeping          |     1 |     3 |     9 |    10 ||    23
       Paralysed         |       |       |       |     7 ||     7
       Distracted        |       |       |       |     1 ||     1
       Invisible         |       |       |       |     5 ||     5
  Eat: Chunk             |     1 |     7 |    21 |    40 ||    69
       Beef jerky        |       |       |     2 |     6 ||     8
